Map: Blueshift LE

Players

Yocto - Winner!

  • Race: Zerg Zerg
  • Spawn Location: 1:00

ROLANDO

  • Race: Protoss Protoss
  • League: Gold
  • Spawn Location: 7:00

VOD

Have the link to the VOD?

Description

Time

  • Played on: Dec. 14, 2018, 9:51 a.m.
  • Length: 18:32
Show
View Real Time Build Order
Export as new Build Order

Yocto Zerg - Winner!

Build Orders: Hatch First 

Get SALT Encoding   

  12  0:01  Drone  
  13  0:13  Overlord  
  13  0:22  Drone  
  14  0:41  Drone  
  15  0:43  Drone  
  15  0:44  Drone  
  17  0:56  Hatchery  
  16  0:59  Drone  
  18  1:04  Drone  
  18  1:28  Spawning Pool  
  17  1:40  Drone x2  
  19  1:50  Drone  
  20  1:54  Extractor  
  21  2:12  Overlord  
  21  2:17  Spine Crawler  
  21  2:18  Queen  
  21  2:19  Spine Crawler  
  21  2:24  Zergling x2  
  22  2:32  Hatchery  
  21  2:37  Zergling x6  
  24  2:50  Zergling x2  
  25  2:56  Queen  
  27  3:01  Zergling x2  
  28  3:10  Overlord  
  28  3:21  Extractor, Drone  
  28  3:29  Drone x3  
  30  3:50  Extractor  
  30  3:51  Queen  
  31  3:58  Drone x4  
  31  3:59  Drone x3  
  31  4:01  Overlord  
  38  4:12  Overlord  
  38  4:20  Drone x2  
  38  4:23  Drone  
  41  4:29  Zergling x2  
  42  4:39  Zergling x4  
  44  4:48  Roach Warren  
  43  4:53  Baneling Nest  
  43  4:56  Overlord x2  
  43  4:57  Zergling x6  
  43  4:58  Zergling x2  
  46  5:03  Zergling x2  
  46  5:04  Metabolic Boost  
  47  5:20  Overlord x2  
  47  5:32  Roach  
  47  5:33  Roach x6  
  60  5:42  Roach x4  
  59  5:47  Burrow  
  54  5:50  Zergling x2  
  54  5:51  Zergling x2  
  54  6:02  Zergling x2  
  54  6:03  Zergling x2  
  39  6:18  Roach x2, Queen  
  39  6:33  Zergling x8  
  39  6:34  Zergling x4  
  45  6:49  Roach x2  
  49  6:59  Roach x5  
  55  7:17  Overlord  
  55  7:18  Overlord  
  55  7:26  Roach x4  
  62  7:45  Drone x3  
  65  7:58  Hatchery  
  64  8:06  Drone x4  
  64  8:07  Drone  
  64  8:11  Extractor  
  68  8:20  Overlord x2  
  68  8:26  Extractor  
  67  8:38  Drone x4  
  71  8:42  Drone x2  
  71  8:43  Drone  
  74  8:50  Roach x4  
  82  9:09  Lair  
  75  9:39  Zergling x2  
  75  9:40  Zergling x26  
  89  9:46  Ravager  
  89  9:47  Queen  
  92  10:03  Hatchery  
  92  10:06  Evolution Chamber  
  90  10:07  Drone x2  
  90  10:11  Overlord x2  
  92  10:30  Centrifical Hooks  
  92  10:33  Zergling x4  
  92  10:34  Zergling x12  
  100  10:41  Hydralisk Den  
  99  10:43  Baneling  
  99  10:44  Baneling x5  
  99  10:45  Baneling x5  
  93  11:03  Zergling x6  
  93  11:04  Zergling x8  
  73  11:19  Queen  
  73  11:22  Drone x6  
  81  11:28  Glial Reconstitution, Zerg Ground Armor Level 1  
  81  11:41  Drone x2  
  81  11:42  Drone x2  
  85  11:55  Queen  
  85  11:57  Baneling x4  
  85  11:58  Baneling x3  
  87  12:04  Grooved Spines  
  87  12:07  Overseer  
  87  12:08  Hydralisk  
  87  12:09  Hydralisk x4  
  87  12:13  Drone x2  
  99  12:41  Drone x2  
  99  12:43  Hydralisk  
  99  12:44  Hydralisk x5  
  103  12:48  Overlord x4  
  113  13:06  Hydralisk x6  
  113  13:07  Hydralisk  
  127  13:24  Drone  
  129  13:27  Drone x2  
  130  13:37  Extractor  
  130  13:40  Extractor, Drone  
  129  13:43  Drone x2  
  129  13:44  Drone  
  132  13:51  Lurker Den  
  131  14:00  Hydralisk x6  
  131  14:01  Hydralisk  
  145  14:03  Overlord x7  
  145  14:15  Ravager  
  146  14:17  Overlord x4  
  146  14:25  Ravager x4  
  146  14:26  Ravager x5  
  155  14:42  Zergling x2  
  155  14:43  Zergling x16  
  164  14:46  Baneling x6  
  164  14:47  Baneling x7  
  164  14:48  Baneling x2  
  164  15:20  Hatchery  
  143  15:34  Hydralisk x11  
  143  15:35  Hydralisk  
  127  15:46  Zergling x12  
  93  16:08  Roach  
  93  16:09  Roach x5  
  105  16:11  Zerg Missile Weapons Level 1  
  104  16:29  Spore Crawler, Overseer x2  
  104  16:31  Pneumatized Carapace  
  103  16:35  Spine Crawler  
  103  16:37  Spore Crawler  
  101  16:40  Spine Crawler  
  96  16:50  Zergling x10  
  96  16:51  Zergling x14  
  100  17:01  Spore Crawler  
  100  17:03  Queen  
  100  17:04  Spine Crawler x2  
  99  17:12  Baneling x5  
  99  17:13  Baneling  
  99  17:15  Drone x3  
  102  17:22  Overseer x3  
  102  17:26  Drone x3  
  102  17:27  Drone x4  
  109  17:36  Baneling  
  109  17:37  Baneling x11  
  109  17:38  Baneling  
  109  17:45  Drone x2  
  109  17:46  Drone  
  112  18:02  Extractor  
  112  18:03  Roach  
  112  18:04  Roach x7  
  112  18:05  Roach  
  129  18:06  Extractor  
Show
View Real Time Build Order
Export as new Build Order

ROLANDO Protoss 

Build Orders:  

Get SALT Encoding   

  12  0:01  Probe  
  13  0:12  Probe  
  14  0:18  Pylon  
  14  0:20  Probe  
  15  0:32  Probe  
  15  0:41  Gateway  
  16  0:45  Probe  
  18  0:57  Probe  
  18  1:03  Gateway  
  18  1:06  Assimilator  
  18  1:09  Probe  
  19  1:17  Assimilator  
  19  1:21  Probe  
  19  1:25  Assimilator  
  20  1:35  Probe  
  20  1:36  Zealot  
  23  1:45  Assimilator  
  23  1:49  Cybernetics Core  
  23  1:54  Pylon  
  23  2:05  Warp Gate  
  23  2:12  Probe, Zealot x2  
  28  2:24  Probe  
  29  2:31  Gateway  
  29  2:36  Pylon  
  29  2:43  Twilight Council  
  29  2:45  Probe  
  30  2:54  Stalker  
  32  3:07  Zealot  
  34  3:24  Zealot  
  34  3:25  Charge, Stalker  
  38  3:47  Pylon  
  38  3:48  Pylon  
  38  4:05  Stalker x3  
  44  4:37  Pylon  
  44  4:44  Nexus  
  44  4:48  Stalker x2  
  48  5:01  Pylon  
  48  5:05  Zealot  
  50  5:17  Zealot x2  
  47  5:49  Stalker x2  
  43  6:07  Stalker  
  41  6:13  Stalker x2  
  33  6:32  Zealot  
  35  6:37  Zealot  
  35  6:39  Zealot  
  39  6:54  Zealot  
  29  7:08  Stalker x2  
  29  7:11  Probe  
  34  7:20  Probe  
  35  7:23  Probe, Gateway  
  35  7:25  Gateway  
  35  7:27  Sentry  
  35  7:28  Gateway  
  38  7:32  Probe  
  38  7:33  Probe  
  40  7:38  Zealot  
  40  7:40  Zealot  
  40  7:41  Probe  
  44  7:44  Probe  
  46  7:53  Zealot  
  48  8:00  Assimilator  
  48  8:04  Assimilator  
  48  8:08  Zealot x2  
  52  8:13  Probe  
  52  8:15  Forge  
  53  8:21  Sentry  
  53  8:26  Probe  
  56  8:38  Probe, Zealot x2  
  56  8:39  Zealot  
  63  8:50  Probe  
  64  8:56  Protoss Ground Weapons Level 1  
  64  8:58  Stalker x4  
  72  9:09  Probe  
  73  9:12  Probe  
  74  9:20  Probe  
  74  9:21  Probe  
  66  9:33  Probe  
  67  9:42  Zealot  
  67  9:43  Zealot x3  
  67  9:44  Stalker  
  78  9:45  Probe  
  78  9:56  Pylon  
  78  9:58  Pylon  
  78  9:59  Pylon  
  78  10:10  Probe  
  78  10:17  Zealot  
  78  10:18  Probe, Zealot x3  
  60  11:07  Zealot  
  60  11:08  Zealot x4  
  54  11:17  Protoss Ground Weapons Level 2  
  54  11:20  Stargate, Stalker  
  56  11:29  Dark Shrine  
  56  11:30  Zealot x3  
  56  11:32  Sentry x2  
  64  11:43  Zealot  
  66  11:50  Void Ray, Zealot  
  66  11:51  Zealot x2  
  72  11:56  Zealot x2  
  80  12:11  Colossus  
  80  12:13  Stalker  
  80  12:14  Stalker  
  84  12:16  Stalker  
  86  12:35  Nexus  
  86  12:40  Stalker  
  88  12:48  Dark Templar  
  88  12:49  Dark Templar  
  92  12:59  Void Ray  
  96  13:18  Stalker x2  
  100  13:21  Zealot  
  102  13:31  Pylon x2  
  102  13:39  Void Ray  
  102  13:40  Pylon  
  102  13:55  Dark Templar x2  
  110  14:03  Robotics Facility  
  110  14:08  Protoss Shields Level 1  
  110  14:14  Stalker  
  112  14:29  Void Ray  
  116  14:50  Dark Templar x3  
  122  14:53  Observer  
  123  15:15  Observer  
  78  15:36  Dark Templar x3  
  78  15:37  Dark Templar  
  52  15:54  Dark Templar x2  
  50  16:03  Probe  
  49  16:11  Probe  
  50  16:19  Probe  
  50  16:22  Stalker x2  
  50  16:23  Stalker  
  57  16:26  Zealot  
  57  16:29  Probe  
  60  16:37  Probe  
  60  16:45  Probe  
  62  16:54  Probe, Zealot  
  62  16:58  Sentry x2, Dark Templar  
  62  16:59  Sentry  
  62  17:00  Sentry  
  75  17:02  Probe  
  76  17:10  Probe  
  77  17:20  Immortal  
  77  17:22  Probe  
  82  17:26  Stalker x2  
  82  17:28  Colossus  
  86  17:31  Probe  
  87  17:38  Assimilator  
  87  17:39  Probe  
  87  17:43  Assimilator  
  88  17:59  Nexus  
  64  18:25  Zealot x2  
Tags
 
League
Gold
Matchup
PvZ
Replay Pack
Yocto
Spawn Locations
Cross Positions
Add a new tag
Caveats
  • Supply blocks, unpowered buildings, or Contaminate may cause inaccurate times.
  • Supply counts are checked every 10 seconds.